 Dungeon Crawl Stone Soup version 0.29-a0-732-g3d7fbe0af2 (webtiles) character file.

Game seed: 11121590881224249257

100685 Pooter the Cleaver (level 15, -14/136 HPs)
             Began as a Minotaur Berserker on June 28, 2022.
             Was a High Priest of Trog.
             Shot with a bolt by a yaktaur (16 damage)
             ... on level 14 of the Dungeon on June 29, 2022.
             The game lasted 02:22:58 (20816 turns).

Pooter the Cleaver (Minotaur Berserker)            Turns: 20816, Time: 02:22:58

Health: -14/136    AC: 28    Str: 26    XL:     15   Next: 81%
Magic:  14/14      EV:  9    Int:  6    God:    Trog [*****.]
Gold:   634        SH: 22    Dex: 17    Spells: 14/14 levels left

rFire   . . .      SeeInvis +   a - +3 demon whip (drain)
rCold   . . .      Faith    .   g - +0 tower shield
rNeg    . . .      Spirit   .   k - +6 plate armour
rPois   .          Reflect  +   (helmet restricted)
rElec   .          Harm     .   (no cloak)
rCorr   .          Rampage  .   w - +0 pair of gloves
Will    +++..                   B - +2 pair of boots
Stlth   ..........              T - amulet of reflection
HPRegen 1.32/turn               S - ring of see invisible
MPRegen 0.14/turn               E - +6 ring of dexterity

@: strong-willed, regenerating
A: horns 2, retaliatory headbutt, iridescent scales 1, sense surroundings 1,
wild magic 1
a: Renounce Religion, Berserk, Trog's Hand, Brothers in Arms


You were on level 14 of the Dungeon.
You worshipped Trog.
Trog was extremely pleased with you.
You visited 3 branches of the dungeon, and saw 22 of its levels.

You collected 1570 gold pieces.
You spent 936 gold pieces at shops.

Inventory:

Hand Weapons
 a - a +3 demon whip of draining (weapon)
   (You found it on level 6 of the Lair of Beasts)
 b - a +0 sling of freezing
   (You took it off Joseph on level 10 of the Dungeon)
 h - a +2 war axe
   (You found it on level 1 of the Lair of Beasts)
 j - a +2 long sword of holy wrath
   (You took it off an orc knight on level 1 of the Orcish Mines)
 I - a +3 vorpal trident
   (You found it on level 8 of the Dungeon)
 P - the +11 spear of Righteous Fury {venom, Str+6}
   (You found it on level 9 of the Dungeon)

   It poisons the flesh of those it strikes.
   Str:       It affects your strength (+6).
 X - a +0 broad axe
   (You found it on level 5 of the Lair of Beasts)
 Z - the +8 flail "Goblinbane" {speed, rC+ rCorr Str+4 Dex-2}
   (You took it off an orc priest on level 6 of the Dungeon)

   Attacks with this weapon are significantly faster.
   Str:       It affects your strength (+4).
   Dex:       It affects your dexterity (-2).
   rC:        It protects you from cold.
   rCorr:     It protects you from acid and corrosion.
Missiles
 n - 4 throwing nets {!f}
 C - 6 boomerangs (quivered)
 K - 23 poisoned darts
 M - 4 atropa-tipped darts
 O - a curare-tipped dart
 Q - 141 stones
 Y - a datura-tipped dart
Armour
 g - a +0 tower shield (worn)
   (You found it on level 1 of the Dungeon)
 k - a +6 plate armour (worn)
   (You found it on level 2 of the Dungeon)
 w - a +0 pair of gloves (worn)
   (You found it on level 5 of the Lair of Beasts)
 B - a +2 pair of boots (worn)
   (You found it on level 10 of the Dungeon)
Jewellery
 m - a ring of ice
   (You found it on level 3 of the Lair of Beasts)
 o - an amulet of regeneration
   (You found it on level 3 of the Dungeon)
 E - a +6 ring of dexterity (right hand)
   (You found it on level 2 of the Lair of Beasts)
 F - a ring of protection from fire
   (You found it on level 6 of the Dungeon)
 N - a ring of positive energy
   (You found it on level 3 of the Dungeon)
 S - a ring of see invisible (left hand)
   (You found it on level 6 of the Dungeon)
 T - an amulet of reflection (around neck)
   (You found it on level 5 of the Lair of Beasts)
Wands
 d - a wand of iceblast (25)
   (You found it on level 6 of the Dungeon)
 f - a wand of flame (66)
   (You found it on level 5 of the Dungeon)
 i - a wand of mindburst (9)
   (You found it on level 13 of the Dungeon)
 q - a wand of charming (11)
   (You found it on level 6 of the Lair of Beasts)
 z - a wand of polymorph (7)
   (You found it on level 1 of the Dungeon)
 D - a wand of digging (4)
   (You took it off an orc priest on level 9 of the Dungeon)
 U - a wand of light (7)
   (You found it on level 4 of the Lair of Beasts)
Scrolls
 c - 3 scrolls of poison {!r}
 e - 7 scrolls of fog
 p - 2 scrolls of fear
 t - 9 scrolls of teleportation {@r4}
 V - 2 scrolls of immolation {!r}
 W - a scroll of torment {!r}
Potions
 l - 5 potions of attraction {!q}
 r - 3 potions of haste {@q3}
 s - 2 potions of resistance
 u - 2 potions of mutation {!q}
 v - 3 potions of cancellation
 x - 8 potions of might
 y - 4 potions of flight
 A - 3 potions of ambrosia
 G - 7 potions of curing {@q1}
 H - 2 potions of heal wounds {@q2}
 J - 6 potions of lignification {!q}


   Skills:
 + Level 13.4 Fighting
 - Level 14.5(16.6) Axes
 - Level 11.8(14.8) Maces & Flails
 - Level 6.6(11.4) Polearms
 + Level 9.1 Throwing
 - Level 11.3 Armour
 + Level 7.9 Dodging
 + Level 6.2 Stealth
 - Level 11.1 Shields
 + Level 9.8 Evocations


You had 14 spell levels left.
You didn't know any spells.
Your spell library was empty.

Dungeon Overview and Level Annotations

Branches:
Dungeon (14/15)            Temple (0/1) D:6            Lair (6/6) D:10
  Swamp (0/4) Lair:2       Spider (0/4) Lair:2        Slime (0/5) Lair:5
    Orc (2/2) D:10
    Elf: Orc:2       Vaults: D:13-14

Altars:
Dithmenos
Trog
The Shining One
Beogh
Jiyva

Shops:
D:4 !

Annotations:
D:8 3 runed translucent doors, shoop's ghost, novice MeTm


Innate Abilities, Weirdness & Mutations

You have a pair of horns on your head.
You reflexively headbutt those who attack you in melee.
You are partially covered in iridescent scales. (AC +2)
You passively map a small area around you.
Your spells are a little harder to cast, but a little more powerful.


Message History

The deep elf zephyrmancer points at you and mumbles some strange words.
The bolt of lightning hits you!!
The bolt of lightning hits the orc!!
The orc dies!
The bolt of lightning hits the orc!!
The orc dies!
You whack the deep elf zephyrmancer!
The deep elf zephyrmancer casts a spell at you.
The bolt of lightning hits you!
* * * LOW HITPOINT WARNING * * *
You block the deep elf zephyrmancer's attack.
A deep elf zephyrmancer comes into view.
It is wielding a +0 long sword.
The yaktaur shoots a bolt.
The bolt hits you but does no damage.
The yaktaur shoots a bolt.
You reflect the bolt off an invisible shield around you!
The bolt hits the yaktaur!!
Your skin crawls.
You feel strong-willed.
The deep elf zephyrmancer points at you and mumbles some strange words.
The bolt of lightning hits you!!
* * * LOW HITPOINT WARNING * * *
The deep elf zephyrmancer mumbles some strange words.
The deep elf zephyrmancer blinks!
A deep elf archer comes into view.
It is wielding a +2 short sword of draining.
The deep elf zephyrmancer casts a spell.
The deep elf zephyrmancer blinks!
The yaktaur shoots a bolt.
You reflect the bolt off an invisible shield around you!
The bolt hits the yaktaur.
You closely miss the deep elf zephyrmancer.
You headbutt the deep elf zephyrmancer! You whack the deep elf zephyrmancer!
You drain the deep elf zephyrmancer.
You block the deep elf zephyrmancer's attack.
The deep elf zephyrmancer casts a spell.
The deep elf zephyrmancer blinks!
The yaktaur shoots a bolt.
You reflect the bolt off an invisible shield around you!
The bolt hits the yaktaur!
The deep elf zephyrmancer casts a spell at you.
The bolt of lightning hits you!!
* * * LOW HITPOINT WARNING * * *
You block the deep elf archer's attack.
The yaktaur shoots a bolt.
The bolt hits you!
* * * LOW HITPOINT WARNING * * *
You hit the deep elf archer.
You block the deep elf zephyrmancer's attack.
The deep elf zephyrmancer points at you and mumbles some strange words.
The bolt of lightning hits you!!
* * * LOW HITPOINT WARNING * * *
You block the deep elf archer's attack.
A yaktaur comes into view.
The yaktaur shoots a bolt.
The bolt hits you!
You die...

#......#........#
, , ,
#......#........#
,
#......#####....#
#....###*
*#..##### *
#....* , #..#,..
, , , #..##. #, ,
# #..#.# .#
,#..##.#.e#e##..#
, , *
,#...))o..@e# *
###.#..#.### *, *
, .......... ,
.......e...... ,*
#####.#..#.#####
* *.c.c....., , *
, * .##.#..#.##,
* ,#c#..#.#, * ,
* ,


You could see a deep elf archer (repels missiles), 3 yaktaurs, 3 deep elf
zephyrmancers and an orc warrior.

Vanquished Creatures
  5 dire elephants (Lair:6)
  Harold (D:11)
  An ice dragon (Lair:5)
  3 boulder beetles
  4 two-headed ogres
  15 hydras
  A death knight (D:13)
  A catoblepas (D:13)
  22 death yaks
  A spectral dire elephant (Lair:6)
  A spectral death yak (Lair:6)
  A spectral anaconda (Lair:6)
  An obsidian statue (Lair:6)
  4 necromancers (Lair:6)
  Pikel (D:5)
  An orc knight (Orc:1)
  2 phantasmal warriors (D:13)
  2 lindwurms
  A manticore (D:12)
  2 ugly things (D:13)
  2 cyclopes (D:12)
  An oklob plant (Lair:5)
  Joseph (D:10)
  3 black mambas
  A gargoyle (D:11)
  32 elephants
  16 cane toads
  A torpor snail (Lair:5)
  A yaktaur (Orc:1)
  3 rime drakes
  10 komodo dragons
  A dire elephant skeleton (Lair:6)
  2 freezing wraiths (D:13)
  3 meliai (D:11)
  A meliai (shapeshifter) (D:13)
  7 trolls
  2 polar bears
  A spectral elephant (Lair:6)
  5 dream sheep (Lair:4)
  A hornet (D:10)
  18 blink frogs
  8 slime creatures
  4 wraiths (D:13)
  65 yaks
  5 basilisks
  4 wyverns
  A death yak simulacrum (Lair:6)
  3 redbacks (Lair:2)
  3 vampire mosquitoes (D:13)
  A steam dragon (D:7)
  A warg (D:10)
  15 water moccasins
  2 acid dragons
  11 orc warriors
  A black bear (Lair:4)
  3 sky beasts
  2 ice beasts
  2 elephant zombies (Lair:6)
  17 wolves
  4 ogres
  2 centaurs
  2 elephant skeletons (Lair:6)
  12 bullfrogs
  3 kobold brigands
  A necrophage (D:7)
  3 scorpions (D:6)
  A cane toad simulacrum (Lair:6)
  8 killer bees (D:7)
  2 elephant simulacra (Lair:6)
  An electric eel (D:9)
  3 howler monkeys (D:8)
  4 hounds
  3 jellies
  12 orc priests
  A gnoll shaman (D:7)
  Natasha (thrice) (D:4)
  3 iguanas
  12 orc wizards
  6 gnolls
  6 adders
  A shadow imp (D:5)
  3 white imps (Lair:5)
  2 ufetubi (D:5)
  A worm (D:2)
  3 dart slugs
  49 orcs
  8 bats
  8 endoplasms
  6 giant cockroaches
  5 goblins
  3 hobgoblins
  4 jackals
  19 kobolds
  3 quokkas
  3 ball pythons
  7 frilled lizards
  5 rats
  A bush (Lair:5)
553 creatures vanquished.

Vanquished Creatures (others)
  7 wights (D:8)
  2 orcs (D:14)
  29 fungi
  58 plants
  25 withered plants (Lair:6)
121 creatures vanquished.

Grand Total: 674 creatures vanquished

Notes
Turn   | Place    | Note
-------+----------+-------------------------------------------
     0 | D:1      | Pooter the Minotaur Berserker began the quest for the Orb.
     0 | D:1      | Reached XP level 1. HP: 19/19 MP: 0/0
    70 | D:1      | Found a faded altar of an unknown god.
    80 | D:1      | Reached skill level 4 in Axes
    82 | D:1      | Reached XP level 2. HP: 16/27 MP: 1/1
  1049 | D:2      | Reached XP level 3. HP: 31/33 MP: 2/2
  1313 | D:2      | Reached skill level 1 in Shields
  1696 | D:2      | Reached ** piety under Trog
  2190 | D:3      | Reached skill level 1 in Polearms
  2311 | D:3      | Upgraded the game from 0.29-a0-723-gce39da1c22 to
                  | 0.29-a0-732-g3d7fbe0af2
  2459 | D:3      | Reached XP level 4. HP: 40/40 MP: 3/3
  2513 | D:4      | Noticed Natasha
  2518 | D:4      | Killed Natasha
  2519 | D:4      | Reached skill level 1 in Evocations
  2685 | D:4      | Noticed Natasha
  2691 | D:4      | Killed Natasha
  2691 | D:4      | Noticed Natasha
  2692 | D:4      | Reached XP level 5. HP: 47/47 MP: 4/4
  2697 | D:4      | Killed Natasha
  2734 | D:4      | Found Zofiel's Distillery.
  2748 | D:4      | Bought a potion of curing for 39 gold pieces
  2748 | D:4      | Bought a potion of curing for 39 gold pieces
  3126 | D:5      | Entered Level 5 of the Dungeon
  3144 | D:5      | Reached skill level 5 in Axes
  3261 | D:5      | Reached XP level 6. HP: 42/53 MP: 5/5
  3373 | D:5      | Reached skill level 5 in Fighting
  3600 | D:5      | Noticed Pikel
  3621 | D:5      | Killed Pikel
  3622 | D:5      | Reached skill level 6 in Axes
  3622 | D:5      | Reached skill level 5 in Polearms
  3622 | D:5      | Reached XP level 7. HP: 59/61 MP: 6/6
  4013 | D:6      | Reached XP level 8. HP: 59/70 MP: 7/7
  4098 | D:6      | Found a staircase to the Ecumenical Temple.
  4264 | D:6      | Reached skill level 5 in Armour
  4452 | D:6      | Found a glowing golden altar of the Shining One.
  5028 | D:6      | Identified the +8 flail "Goblinbane" {speed, rC+ rCorr
                  | Str+4 Dex-2}
  5102 | D:7      | Reached *** piety under Trog
  5107 | D:7      | Reached skill level 1 in Maces & Flails
  5129 | D:7      | Reached skill level 5 in Shields
  5354 | D:7      | Reached XP level 9. HP: 78/78 MP: 8/8
  5392 | D:7      | Reached skill level 7 in Axes
  5829 | D:7      | Identified the +1 ring mail "Tuomos" {Harm rC- Dex+2}
  6188 | D:8      | Found a bloodstained altar of Trog.
  6224 | D:8      | Noticed a centaur warrior
  6278 | D:8      | Found a runed translucent gate.
  6279 | D:8      | Found a runed translucent gate.
  6280 | D:8      | Found a runed translucent gate.
  6289 | D:8      | Noticed shoop's ghost (novice MeTm)
  6662 | D:9      | Reached skill level 5 in Maces & Flails
  6784 | D:9      | Reached XP level 10. HP: 61/88 MP: 9/9
  6841 | D:9      | Reached skill level 8 in Axes
  6877 | D:9      | Reached skill level 5 in Evocations
  7565 | D:9      | Identified the +11 spear of Righteous Fury {venom, Str+6}
  7617 | D:10     | Entered Level 10 of the Dungeon
  7651 | D:10     | Found a shadowy altar of Dithmenos.
  7678 | D:10     | Reached skill level 1 in Throwing
  7742 | D:10     | Found a staircase to the Lair.
  7899 | D:10     | Noticed Joseph
  7909 | D:10     | Killed Joseph
  8028 | D:10     | Found a staircase to the Orcish Mines.
  8036 | D:10     | Reached XP level 11. HP: 91/95 MP: 10/10
  8053 | Orc:1    | Entered Level 1 of the Orcish Mines
  8056 | Orc:1    | Reached **** piety under Trog
  8114 | Orc:1    | Noticed an orc knight
  8265 | D:10     | Reached skill level 9 in Axes
  8779 | Orc:1    | Killed an orc knight
  8878 | Orc:1    | Noticed an orc knight
  9033 | Orc:1    | an orc knight changed into a yaktaur
  9177 | Orc:2    | Entered Level 2 of the Orcish Mines
  9386 | D:4      | Bought a potion of experience for 650 gold pieces
  9386 | D:4      | Reached skill level 13 in Axes
  9386 | D:4      | Reached XP level 12. HP: 104/104 MP: 11/11
  9511 | Lair:1   | Entered Level 1 of the Lair of Beasts
 10287 | D:4      | Bought a potion of mutation for 104 gold pieces
 10287 | D:4      | Gained mutation: You are agile. (Dex +4, Str/Int -1)
                  | [potion of mutation]
 10287 | D:4      | Gained mutation: You are somewhat resistant to further
                  | mutation. [potion of mutation]
 10423 | Lair:2   | Noticed a six-headed hydra
 10428 | Lair:2   | Killed a six-headed hydra
 10606 | Lair:2   | Reached skill level 10 in Maces & Flails
 10631 | Lair:2   | Reached XP level 13. HP: 112/112 MP: 12/12
 10736 | Lair:2   | Reached skill level 14 in Axes
 10821 | Lair:2   | Found a staircase to the Swamp.
 10930 | Lair:2   | Found a hole to the Spider Nest.
 10972 | Lair:2   | Reached skill level 10 in Fighting
 11790 | D:4      | Bought a potion of mutation for 104 gold pieces
 11790 | D:4      | Lost mutation: You are agile. (Dex +4, Str/Int -1) [potion
                  | of mutation]
 11790 | D:4      | Lost mutation: You are somewhat resistant to further
                  | mutation. [potion of mutation]
 11790 | D:4      | Gained mutation: Your magical capacity is low. (-10% MP)
                  | [potion of mutation]
 11791 | D:4      | Lost mutation: Your magical capacity is low. (-10% MP)
                  | [potion of mutation]
 11791 | D:4      | Gained mutation: Your spells are a little harder to cast,
                  | but a little more powerful. [potion of mutation]
 11791 | D:4      | Gained mutation: You passively map a small area around you.
                  | [potion of mutation]
 11791 | D:4      | Gained mutation: You are partially covered in iridescent
                  | scales. (AC +2) [potion of mutation]
 12063 | Lair:3   | Reached skill level 5 in Throwing
 13176 | Lair:4   | Reached skill level 10 in Armour
 14009 | Lair:4   | Reached skill level 1 in Stealth
 14044 | Lair:4   | Reached skill level 10 in Shields
 14158 | Lair:5   | Found a staircase to the Slime Pits.
 14158 | Lair:5   | Found a viscous altar of Jiyva.
 14294 | Lair:5   | Reached XP level 14. HP: 99/124 MP: 13/13
 14533 | Lair:5   | You fall into a shaft and drop 1 floor!
 14533 | Lair:6   | Entered Level 6 of the Lair of Beasts
 15624 | Lair:5   | Reached skill level 5 in Dodging
 16259 | Lair:6   | Reached XP level 15. HP: 132/132 MP: 14/14
 16911 | Lair:6   | Reached skill level 5 in Stealth
 18118 | D:11     | Noticed Harold
 18126 | D:11     | Killed Harold
 18420 | D:12     | Reached ***** piety under Trog
 20816 | D:14     | HP: 2/136 [deep elf zephyrmancer/bolt of lightning (21)]
 20816 | D:14     | Shot with a bolt by a yaktaur

Illustrated notes

Levels and vault maps discovered:
D:1:      minmay_arrival_jagged, layout_loops_cross,
          hellmonk_ecumenical_altar_lost_god
D:2:      layout_loops_corners, minmay_between
D:3:      layout_rooms
D:4:      layout_gridville, serial_shops, shop, hangedman_glass_teeth,
          minmay_misc_feat_square, uniq_natasha
D:5:      layout_loops_ring, serial_rivers, chequers_serial_rivers_micro_d,
          chequers_serial_rivers_room_b, chequers_serial_rivers_micro_c,
          chequers_serial_rivers_large_a, chequers_serial_rivers_micro_a,
          chequers_serial_rivers_marsh, uniq_pikel
D:6:      layout_basic, tso_altar, minmay_temple_entry_sparse_star
D:7:      layout_loops_corners, st_stairs_8
D:8:      layout_rooms, overflow_temple_1_default, gammafunk_ghost_split,
          lemuel_flamethrower_2
D:9:      layout_irregular_city, fountainhead, st_stairs_10, minmay_orc_keep
D:10:     lemuel_troll_bridge, layout_irregular_city,
          nicolae_dithmenos_through_a_glass_darkly, orc_0_dummy, uniq_joseph
D:11:     layout_rooms, serial_rivers, chequers_serial_rivers_small_b,
          chequers_serial_rivers_room_a, chequers_serial_rivers_micro_c,
          chequers_serial_rivers_room_a, chequers_serial_rivers_micro_b,
          uniq_harold
D:12:     layout_roguey, serial_co_window_serial, co_window_paths_a,
          co_window_paths_b, co_window_of_opportunity_a, co_window_paths_b,
          co_window_corner_a, co_window_corner_a, co_window_of_opportunity_a,
          co_window_broadway_b, co_window_broadway_b, co_window_paths_c,
          co_window_broadway_a, co_window_broadway_a, co_window_paths_c
D:13:     layout_roguey
D:14:     layout_grid_maze, hangedman_vaults_entry_quadrant_bands,
          hangedman_decor_push, uniq_azrael, uniq_lodul, uniq_snorg
Lair:1:   layout_misc_corridors
Lair:2:   layout_cave_shapes, swamp_mist, spider_nest_entry_webs, st_stairs_6
Lair:3:   layout_cave_pods, grunt_megastairs_4
Lair:4:   layout_small_grid, lemuel_fruit_tree
Lair:5:   layout_big_grid, nicolae_slime_entry_slimehenge, enter_volcano_1,
          minmay_lair_oklob_bushes, bobbens_ice_dragon_lair, grunt_megastairs_1,
          infiniplex_staircase_pool
Lair:6:   due_jungle_book, layout_loops_ring, minivault_23, grunt_megastairs_2,
          lemuel_fruit_fields
Orc:1:    layout_caves, nicolae_orc_lost_temple
Orc:2:    grunt_orc_cross, layout_caves, mines2_lemuel

Skill      XL: |  1  2  3  4  5  6  7  8  9 10 11 12 13 14 15 |
---------------+----------------------------------------------+-----
Axes           | 4 5 6 7 8 13 14 | 14.5
Fighting       | 4 5 6 7 8 9 11 12 13 | 13.4
Shields        | 1 2 3 4 5 6 7 8 10 11 | 11.1
Polearms       | 1 2 5 6 |  6.6
Evocations     | 1 2 3 4 5 6 7 8 9 |  9.8
Armour         | 3 4 5 6 7 8 9 10 11 | 11.3
Maces & Flails | 1 5 7 8 10 11 | 11.8
Throwing       | 2 3 4 6 7 9 |  9.1
Stealth        | 1 4 6 |  6.2
Dodging        | 3 5 7 |  7.9

Action                   |  1- 3 |  4- 6 |  7- 9 | 10-12 | 13-15 || total
-------------------------+-------+-------+-------+-------+-------++-------
Melee: Hand axe          |    51 |       |       |       |       ||    51
       Headbutt          |     9 |    17 |    50 |    77 |   402 ||   555
       Trident           |    53 |   115 |   100 |       |       ||   268
       Flail             |       |       |   171 |   254 |   417 ||   842
       War axe           |       |       |       |    74 |   524 ||   598
       Demon whip        |       |       |       |       |   246 ||   246
 Fire: Sling             |     9 |    36 |    48 |    15 |    23 ||   131
Throw: Stone             |     7 |       |       |       |       ||     7
       Dart              |       |     2 |    25 |    21 |    32 ||    80
       Boomerang         |       |       |       |       |    44 ||    44
Invok: Berserk           |     1 |     2 |     2 |     5 |    15 ||    25
       Trog's Hand       |       |     3 |     9 |    19 |    36 ||    67
Evoke: Wand              |       |     2 |       |     8 |     8 ||    18
  Use: Scroll            |     5 |     1 |     8 |    10 |    18 ||    42
       Potion            |       |       |       |     3 |     3 ||     6
 Stab: Sleeping          |     1 |       |       |       |       ||     1
       Confused          |       |       |       |     2 |       ||     2
       Invisible         |       |       |       |       |     1 ||     1
       Held in net/web   |       |       |       |       |     1 ||     1
Armor: Animal skin       |    19 |       |       |       |       ||    19
       Plate armour      |    34 |    77 |   150 |   126 |   588 ||   975
Dodge: Dodged            |    31 |    12 |    31 |    36 |   231 ||   341
Block: Tower shield      |    54 |    79 |   204 |   207 |  1066 ||  1610
       Reflection        |       |       |       |       |     8 ||     8

Table legend: (Time is in decaauts)
 A = Elapsed time spent in this place.
 B = Non-inter-level travel time spent in this place.
 C = Inter-level travel time spent in this place.
 D = Time resting spent in this place.
 E = Time spent auto-exploring this place.
 F = Levels seen in this place.
 G = Mean time per level.
                   A        B        C        D        E       F      G
               +--------+--------+--------+--------+--------+-----+--------+
         Total |  21173 |  19638 |   1535 |   2716 |  11672 |  22 |  962.4 |
       Dungeon |  13122 |  12108 |   1014 |   1494 |   7990 |  14 |  937.3 |
          Lair |   7544 |   7045 |    499 |   1114 |   3596 |   6 | 1257.3 |
  Orcish Mines |    507 |    486 |     21 |    107 |     86 |   2 |  253.5 |
               +--------+--------+--------+--------+--------+-----+--------+

Top non-repeatable levels by time:
  Lair:6: 1765 daAuts
  Lair:4: 1464 daAuts
  Lair:2: 1338 daAuts
    D:12: 1273 daAuts
    D:10: 1265 daAuts
     D:6: 1248 daAuts
  Lair:5: 1238 daAuts
     D:9: 1200 daAuts
    D:13: 1179 daAuts
  Lair:3: 1127 daAuts
     D:7: 1108 daAuts
     D:2: 1069 daAuts
     D:5: 1050 daAuts
     D:1: 1035 daAuts
     D:4: 854 daAuts
